 Dungeon Crawl Stone Soup version 0.21.1-1-g345015fe64 (webtiles) character file.

52 Naru the Magician (level 3, -3/31 HPs)
             Began as a Troll Wizard on June 12, 2018.
             Slain by a gnoll (7 damage)
             ... on level 2 of the Dungeon.
             The game lasted 00:07:09 (2127 turns).

Naru the Magician (Troll Wizard)                    Turns: 2127, Time: 00:07:09

Health: -3/31      AC:  5    Str: 15    XL:     3   Next: 60%
Magic:  2/5        EV:  9    Int: 15    God:
Gold:   107        SH:  0    Dex:  8    Spells: 1/7 levels left

rFire    . . .     SeeInvis .   (no weapon)
rCold    . . .     Gourm    +   (no shield)
rNeg     . . .     Faith    .   a - +0 robe
rPois    .         Spirit   .   b - +0 hat
rElec    .         Reflect  .   (no cloak)
rCorr    .         Harm     .   (gloves unavailable)
MR       .....                  (boots unavailable)
Stlth    +.........             (no amulet)
HPRegen  0.50/turn              (no ring)
MPRegen  0.09/turn              (no ring)

@: very slightly contaminated
A: large, unfitting armour, claws 3, fast metabolism 3, gourmand, regeneration
1, shaggy fur 1, tough skin 2
a: no special abilities


You were on level 2 of the Dungeon.
You were not hungry.

You visited 1 branch of the dungeon, and saw 3 of its levels.

You collected 107 gold pieces.

Inventory:

Armour
 a - a +0 robe (worn)
 b - a +0 hat (worn)
Jewellery
 k - a cursed amulet of inaccuracy {unknown}
Scrolls
 e - a scroll of enchant armour {unknown}
 f - 2 scrolls of identify {unknown}
 l - a scroll of fear {unknown}
 m - 6 scrolls of remove curse {unknown}
 n - a scroll of noise {unknown}
 o - a scroll of magic mapping {unknown}
 q - a scroll of enchant weapon {unknown}
Potions
 g - 2 potions of haste {unknown}
 h - a potion of curing {unknown}
 i - 2 potions of heal wounds {unknown}
 j - a potion of magic {unknown}
 p - a potion of lignification {unknown}
Books
 c - a book of Minor Magic

   Spells                             Type                      Level
   a - Magic Dart                     Conjuration                  1
   b - Blink                          Translocation                2
   c - Call Imp                       Summoning                    2
   d - Slow                           Hexes                        2
   e - Conjure Flame                  Conjuration/Fire             3
   f - Mephitic Cloud                 Conjuration/Poison/Air       3
Comestibles
 d - 7 rations


   Skills:
 - Level 1.5 Dodging
 - Level 1.0 Stealth
 - Level 0.4 Unarmed Combat
 - Level 2.5 Spellcasting
 + Level 1.4 Conjurations
 + Level 0.7 Summonings
   Level 0.6 Translocations
 * Level 0.1 Air Magic
 * Level 0.1 Poison Magic


You had one spell level left.
You knew the following spells:

 Your Spells              Type           Power        Failure   Level  Hunger
a - Magic Dart            Conj           #...         12%         1    #......
b - Call Imp              Summ           #.......     24%         2    ###....
c - Mephitic Cloud        Conj/Pois/Air  #.......     45%         3    ###....


Dungeon Overview and Level Annotations

Branches:
Dungeon (3/15)

Altars:
Xom
The Shining One


Innate Abilities, Weirdness & Mutations

You are too large for most types of armour.
You have claws for hands.
Your metabolism is lightning-fast.
You like to eat raw meat.
Your natural rate of healing is unusually fast.
You are covered in fur. (AC +1)
You have very tough skin. (AC +2)


Message History

Your crimson imp disappears in a puff of smoke!
Your crimson imp hits the gnoll.
Your crimson imp blinks!
Casting: Call Imp
Confirm with . or Enter, or press ? or * to list all spells.
You miscast Call Imp.
You are very lightly contaminated with residual magic.
Your head hurts.
The gnoll barely misses you.
Casting: Call Imp
Confirm with . or Enter, or press ? or * to list all spells.
You don't have enough magic to cast that spell.
The gnoll hits you! The gnoll hits you.
The gnoll hits you from afar with a spear.
The gnoll hits you!
The gnoll hits you from afar with a spear!
* * * LOW HITPOINT WARNING * * *
You see here a chain mail.
The gnoll hits you!
You die...

.#..## ##....##.# #.#
##.## ##.## #.##^...# #.#
#.# ##.## #.##.######.#
#.## #...# ###.##........#
#.ยง. #...#
#.....######### #### #...#
#.#.#.######## # #...#####
#.#.#g##.....# #
........#####.#.#g##.....#
####
......#.....#...@........#
#...
(.......###.##..####.....#
#.##
#...#.###.......####.....#
#.# #...#.#
#.#........####### #.#
#...#.# #.#........# #.#
#...#.# #.#.....#..#######
#.# ##.##)#
#..#....#........## #.#
..#...#
#.................# #.#
.###.##
#..#.#.#.##.#####.####.#


You could see 2 gnolls.

Vanquished Creatures
  A dart slug (D:2)
  A leopard gecko (D:1)
  A giant cockroach (D:1)
  8 goblins
  7 hobgoblins
  A quokka (D:2)
  3 bats
  3 frilled lizards
  4 kobolds
  5 rats
34 creatures vanquished.

Vanquished Creatures (collateral kills)
  A gnoll (D:2)
  A worm (D:2)
  A bat (D:2)
  A frilled lizard (D:2)
  2 goblins (D:2)
6 creatures vanquished.

Grand Total: 40 creatures vanquished

Notes
Turn   | Place    | Note
-------+----------+-------------------------------------------
     0 | D:1      | Naru the Troll Wizard began the quest for the Orb.
     0 | D:1      | Reached XP level 1. HP: 16/16 MP: 2/2
   119 | D:1      | Reached skill level 1 in Conjurations
   128 | D:1      | Reached XP level 2. HP: 24/24 MP: 2/4
   723 | D:1      | Found a basalt altar of Yredelemnul.
   725 | D:1      | Found a glowing golden altar of the Shining One.
   725 | D:1      | Found a white marble altar of Elyvilon.
   727 | D:1      | Found a shimmering altar of Xom.
   727 | D:1      | Found a glowing golden altar of the Shining One.
   727 | D:1      | Found a hide-covered altar of Uskayaw.
  1082 | D:2      | Reached XP level 3. HP: 29/31 MP: 0/5
  1126 | D:2      | Learned a level 2 spell: Call Imp
  1544 | D:2      | Found a glowing golden altar of the Shining One.
  1664 | D:2      | Learned a level 3 spell: Mephitic Cloud
  2127 | D:2      | Slain by a gnoll

Skill      XL: |  1 |
---------------+----+-----
Conjurations   | 1 |  1.4
Dodging        | |  1.5
Stealth        | |  1.0
Unarmed Combat | |  0.4
Spellcasting   | |  2.5
Summonings     | |  0.7
Translocations | |  0.6
Air Magic      | |  0.1
Poison Magic   | |  0.1

Action                   || total
-------------------------++-------
Melee: Unarmed           ||    79
 Cast: Magic Dart        ||    32
       Call Imp          ||    16
 Stab: Sleeping          ||     1
  Eat: Ration            ||     6
       Chunk             ||     2
Armor: Robe              ||    44
Dodge: Dodged            ||    53
